woodfighter, chaotic female elven Priestess ------------- |.xd.%......| |.@f.$.<....| |............i ------------- woodfighter the Acolyte Experience level: 4 Strength: 12 Dexterity: 11 Constitution: 17 Intelligence: 17 Wisdom: 8 Charisma: 15 Health: 0(43) Energy: 46(46) Def: 6 Gold: 337 Moves: 1604 Dungeon seed: 06-fb-l_5zXc7d-y Game ID: woodfighter_1534164258 Your Inventory: Coins $ - 337 gold pieces Weapons a - a blessed +1 mace (alternate weapon; not wielded) L - a +0 dwarvish spear (weapon in hand) Armor e - a +0 robe (being worn) n - a +0 small shield (being worn) q - a cursed -1 pair of gauntlets of fumbling r - a blessed +2 orcish helm (being worn) Comestibles d - a sprig of wolfsbane F - 3 tripe rations Scrolls l - a scroll of charging I - a scroll of remove curse Spellbooks g - a spellbook of detect monsters h - a spellbook of create monster i - a spellbook of protection Potions b - 4 potions of holy water Wands f - a wand of cancellation (0:1) G - a wand of enlightenment (0:12) M - a wand of enlightenment (0:11) Tools j - a wooden flute y - a skeleton key H - an oil lamp (0:1071) Spells and supernatural/magical abilities: Name Level Category Fail Memory n - detect monsters 1 divination 0% 92% p - protection 1 clerical 0% 92% O - create monster 2 clerical 0% 92% W - pray for help -- divine ? -- X - turn undead -- divine ? -- Your skills at the end: Miscellaneous Skills shield [Basic] wands [Basic] Weapon Skills mace [Basic] Spellcasting Skills clerical spells [Basic] Final Attributes: You were piously aligned. You were sleep resistant. Your writing hand was ok. You had infravision. You were very stealthy. You are dead. Vanquished creatures: a fog cloud a gnome lord an iguana 2 coyotes a hobbit 2 geckos 2 hobgoblins 3 giant rats a green mold 6 manes a gnome zombie 6 jackals 2 newts 5 goblins a grid bug 3 lichens 38 creatures vanquished. Voluntary challenges: You did not adorn yourself with jewelry or accessories. You did not cause conflict. You were not invisible. You did not have reflection. You were not displaced. You used a wielded weapon 52 times, starting on turn 1. You did not use containers. You did not apply a unicorn horn. You did not use plumbed fixtures. You did not drink any magical draughts. You read items or engraved 1 time, starting on turn 1015. You never genocided any monsters. You never polymorphed an object. You never changed form. You used no wishes. You never split a pudding. You never wrote Elbereth's name. You never violated your personal moral code. Dungeon overview: The Dungeons of Doom: levels 1 to 5 Level 1 (box) a long staircase Level 2 a scroll shop, a fountain stairs to The Gnomish Mines Level 3 an altar to Venus Level 4 a fountain Level 5 <- You were here The Gnomish Mines: Level 3 stairs to The Dungeons of Doom History has recorded: On T:1 you entered the Dungeons of Doom to retrieve the Amulet of Yendor! On T:95 you reached level 2 of The Dungeons of Doom. On T:332 you reached level 1 of The Gnomish Mines. On T:618 you reached level 3 of The Dungeons of Doom. On T:854 you advanced to experience level 2. On T:936 you advanced to experience level 3. On T:957 you reached level 4 of The Dungeons of Doom. On T:1092 you prayed to Mars. On T:1229 you advanced to experience level 4. On T:1592 you reached level 5 of The Dungeons of Doom. Score breakdown: Gold: 337 ( 33 points) Experience: 4 levels ( 300 points) Exploration: 5 levels ( 120 points) Discoveries: 12 items ( 600 points) Variety of kills: 16 monsters ( 800 points) Major goal: (nothing yet) ( 0 points) Survival: died (score multiplied by 3) Total score: 5559 Latest messages: The dog bites! Kitty misses the jitterbug. The jitterbug just misses! You jab the jitterbug. Kitty misses the jitterbug. The jitterbug bites! The dog bites! The jitterbug bites! You miss the jitterbug. The jitterbug displaces you! Kitty bites the jitterbug. The jitterbug misses kitty. The jitterbug bites! Kitty misses the jitterbug. The jitterbug misses. You miss the jitterbug. The jitterbug displaces you! Kitty misses the jitterbug. The dog bites! The dog misses. The jitterbug misses. You jab the jitterbug. The jitterbug bites! The dog bites! The jitterbug bites! The dog bites! You die... Final status: Goodbye woodfighter the Priestess, killed by a dog... You died in The Dungeons of Doom on dungeon level 5 with 5559 points, and 337 pieces of gold, after 1604 moves. You were level 4 with a maximum of 43 hit points when you died.